 Dungeon Crawl Stone Soup version 0.32-a0-999-gfa1cc04b1d (webtiles) character file.

Game seed: 5665448699769146619

39 GiantSquids the Sneak (level 3, -1/26 HPs)
             Began as an Octopode Delver on Apr 25, 2024.
             Succumbed to an orc wizard's poison
             ... on level 5 of the Dungeon.
             The game lasted 00:01:17 (90 turns).

GiantSquids the Sneak (Octopode Delver)               Turns: 90, Time: 00:01:18

Health: -1/26      AC:  1    Str: 11    XL:     3   Next: 45%
Magic:  3/3        EV: 12    Int: 12    God:
Gold:   30         SH:  0    Dex: 15    Spells: 2/2 levels left

rFire   . . .        a - +0 short sword
rCold   . . .        (no shield)
rNeg    . . .        (helmet restricted)
rPois   .            (no amulet)
rElec   .            (no ring)
rCorr   .            (no ring)
SInv    .            (no ring)
Will    .....        (no ring)
Stlth   +++++        (no ring)
HPRegen 0.24/turn    (no ring)
MPRegen 0.08/turn    (no ring)
                     (no ring)

%: no passive effects
@: lethally poisoned (-1 -> -11)
A: almost no armour, amphibious, 8 rings, camouflage 1, gelatinous body 1,
(nimble swimmer 1), tentacles
a: Convert to Beogh


You were on level 5 of the Dungeon.
You visited 1 branch of the dungeon, and saw 1 of its levels.

You collected 30 gold pieces.

Inventory:

Hand Weapons
 a - a +0 short sword (weapon)
Wands
 f - a wand of digging (3)
Scrolls
 b - a scroll of fog
 c - a scroll of revelation
 d - a scroll of fear
Potions
 e - a potion of haste
 g - a potion of enlightenment {unknown}


   Skills:
 - Level 3.0 Fighting
 * Level 3.2 Short Blades
 - Level 2.0 Dodging
 + Level 7.1 Stealth


You had 2 spell levels left.
You didn't know any spells.
Your spell library was empty.

Dungeon Overview and Level Annotations

Branches:
Dungeon (5/15)
 Temple: D:4-7

Altars:


Innate Abilities, Weirdness & Mutations

You cannot wear most types of armour.
You are amphibious.
You can wear up to eight rings at the same time.
Your skin changes colour to match your surroundings (Stealth+).
Your rubbery body absorbs attacks. (AC +1, EV +1)
((You are camouflaged when in or above water. (Stealth+)))
You have tentacles for arms and can constrict up to eight enemies at once.


Message History

There is an escape hatch in the floor here.
There is an open door here. 2 orcs come into view.
The orc shouts!
The orc moves out of view.
You see here a bubbling black potion.
g - a bubbling black potion
Found a halberd.
Found a stone staircase leading down.
The orc shouts!
The orc wizard shouts!
The orc wizard points at you and mumbles some strange words.
You are confused.
Found 3 javelins.
The orc closely misses you. The orc wizard casts a spell at you.
The magic dart hits you!
You bump into the rock wall.
The orc hits you with a +0 flail. The orc misses you.
You barely miss the orc.
The orc shouts!
The orc hits you with a +0 flail. The orc barely misses you.
The orc priest shouts!
You hit the orc.
The orc is severely wounded.
The orc barely misses you.
The orc priest shouts, "Surrender to Beogh and we'll let you live!" (press Y on the ability menu to convert to Beogh)
The orc completely misses you.
The orc priest looks braver for a moment.
The orc closely misses you.
You feel less confused.
The orc wizard attacks as it pursues you!
The orc wizard hits you with a +1 dagger of venom.
You are lethally poisoned!
The orc completely misses you. The orc hits you with a +0 club.
* * * LOW HITPOINT WARNING * * *
You hit the orc wizard.
The orc priest threatens, "Beogh's wrath is as vast as their mercy.
Make your choice!"
Your grab misses the orc wizard.
The orc wizard is moderately wounded.
You die...

# #<.................. #.
......###.####.####.
.##.##.##.# ##.# #.# #.
.........# #.# #. ..
#.......## ##.#### ##.
#........###.....# #.
#...o$......####.# #.
##.#....oo.###.####.# #..
#......oo@........###
...........###..'#######+
#...###.#### #..#...#...#
##. )... #.##.>.#.>.# #
#..>.. ####...#...#
#.....# ##### ### #.....#
#... #....(# #.>.#
####### #...#


You could see an orc priest, an orc wizard and 3 orcs.

Vanquished Creatures
  A jelly (D:5)
  An adder (D:5)
2 creatures vanquished.

Notes
Turn   | Place    | Note
-------+----------+-------------------------------------------
     0 | D:5      | GiantSquids the Octopode Delver began the quest for the
                  | Orb.
     0 | D:5      | Reached XP level 1. HP: 16/16 MP: 1/1
    11 | D:5      | Noticed a jelly
    17 | D:5      | Killed a jelly
    18 | D:5      | Reached skill level 7 in Stealth
    18 | D:5      | Reached XP level 2. HP: 21/21 MP: 2/2
    18 | D:5      | Reached XP level 3. HP: 26/26 MP: 3/3
    90 | D:5      | Succumbed to an orc wizard's poison

Illustrated notes

Levels and vault maps discovered:
D:5:      layout_loops_cross, mainiacjoe_overflow_boulevard,
          nicolae_ossuary_entry_false_entrances, serial_shops, shop

Skill      XL: |  1 |
---------------+----+-----
Short Blades   | 3 |  3.2
Stealth        | 7 |  7.1
Fighting       | |  3.0
Dodging        | |  2.0

Action                     || total
---------------------------++-------
  Melee: Short sword       ||     8
         Constrict         ||     1
         Tentacles         ||     1
   Stab: Sleeping          ||     1
 Armour: Skin              ||     6
  Dodge: Dodged            ||    10

Table legend: (Time is in decaauts)
 A = Elapsed time spent in this place.
 B = Non-inter-level travel time spent in this place.
 C = Inter-level travel time spent in this place.
 D = Time resting spent in this place.
 E = Time spent auto-exploring this place.
 F = Levels seen in this place.
 G = Mean time per level.
                   A        B        C        D        E       F      G
               +--------+--------+--------+--------+--------+-----+--------+
         Total |     88 |     88 |      0 |      0 |     10 |   1 |   88.0 |
       Dungeon |     88 |     88 |      0 |      0 |     10 |   1 |   88.0 |
               +--------+--------+--------+--------+--------+-----+--------+

Top non-repeatable levels by time:
     D:5: 88 daAuts
